 Dungeon Crawl Stone Soup version 0.30-a0-715-gdb4ae3ece1 (webtiles) character file.

Game seed: 14604470931572382639

4355 MackTheKnife the Blocker (level 10, -3/79 HPs)
             Began as a Formicid Wanderer on Jan 23, 2023.
             Was a Believer of the Shining One.
             Slain by a steam dragon (8 damage)
             ... on level 9 of the Dungeon.
             The game lasted 00:12:36 (8457 turns).

MackTheKnife the Blocker (Formicid Wanderer)        Turns: 8457, Time: 00:12:37

Health: -3/79      AC:  6    Str: 16    XL:     10   Next: 60%
Magic:  0/11       EV:  9    Int: 20    God:    the Shining One [**....]
Gold:   617        SH: 15    Dex: 22    Spells: 10/11 levels left

rFire   . . .      SeeInvis +    U - +6 shillelagh "Devastator" {shatter}
rCold   . . .      Faith    .    I - +1 kite shield
rNeg    + . .      Spirit   +    b - +0 scale mail
rPois   .          Reflect  .    (helmet unavailable)
rElec   .          Harm     .    (no cloak)
rCorr   .          Rampage  .    (no gloves)
Will    +....                    (no boots) Stlth
                                 B - amulet of guardian spirit
HPRegen 0.33/turn                Z - +6 ring of intelligence
MPRegen 0.12/turn                x - +6 ring of dexterity

@: glowing
A: permanent stasis, dig shafts and tunnels, antennae 3, four strong arms
a: Dig, Shaft Self, Renounce Religion, Divine Shield


You were on level 9 of the Dungeon.
You worshipped the Shining One.
The Shining One was pleased with you.
You visited 2 branches of the dungeon, and saw 10 of its levels.

You collected 617 gold pieces.


Innate Abilities, Weirdness & Mutations

You cannot be hasted, slowed, berserked, paralysed or teleported.
You can dig through walls and to a lower floor.
You have a pair of large antennae on your head. (SInv)
Your four strong arms can wield two-handed weapons with a shield.


   Skills:
 - Level 7.0 Fighting
 + Level 6.3 Maces & Flails
 - Level 4.4 Polearms
 - Level 3.0 Ranged Weapons
 - Level 3.2 Armour
 - Level 1.0 Dodging
 + Level 13.6 Shields
 - Level 1.1 Spellcasting
 - Level 1.0 Summonings


You had 10 spell levels left.
You knew the following spells:

 Your Spells              Type           Power      Damage    Failure   Level
a - Summon Small Mammal   Summ           20%        N/A       54%         1

Your spell library contained the following spells:

 Spells                   Type           Power      Damage    Failure   Level
 Slow                     Hex            4%         N/A       69%         1
 Summon Guardian Golem    Hex/Summ       3%         N/A       94%         3
 Confusing Touch          Hex            1%         N/A       96%         3
 Kindle Blastsparks       Fire/Tloc/Air  2%         2d10      96%         3
 Vampiric Draining        Necr           1%         2d6       96%         3
 Fulminant Prism          Conj/Hex       0%         3d5       100%        4
 Iskenderun's Mystic Bla  Conj/Tloc      1%         2d3       100%        4
 Passage of Golubria      Tloc           1%         N/A       100%        4
 Lee's Rapid Deconstruct  Erth           0%         3d4*      100%        5
 Silence                  Hex/Air        0%         N/A       100%        5
 Lehudib's Crystal Spear  Conj/Erth      0%         10d2      100%        8

Inventory:

Hand Weapons
 U - the +6 shillelagh "Devastator" (weapon) {shatter}
   (You found it on level 6 of the Dungeon)
Armour
 b - a +0 scale mail (worn)
 c - a +0 leather armour
   (You found it on level 6 of the Dungeon)
 d - a +0 ring mail
   (You found it on level 1 of the Dungeon)
 g - +0 steam dragon scales
   (You found it on level 7 of the Dungeon)
 h - a +0 ring mail
   (You took it off a kobold on level 1 of the Dungeon)
 j - a +0 scale mail
   (You took it off an orc priest on level 6 of the Dungeon)
 k - a +0 robe
   (You found it on level 1 of the Dungeon)
 m - a +0 chain mail
   (You found it on level 2 of the Dungeon)
 o - a +0 leather armour
   (You took it off a hobgoblin on level 2 of the Dungeon)
 s - a +0 ring mail
   (You found it on level 2 of the Dungeon)
 u - a +0 leather armour
   (You took it off an orc on level 3 of the Dungeon)
 y - a +0 chain mail
   (You found it on level 6 of the Dungeon)
 A - a +0 ring mail
   (You took it off a kobold on level 6 of the Dungeon)
 F - a +0 leather armour
   (You took it off an orc on level 6 of the Dungeon)
 G - a +0 scale mail
   (You found it on level 5 of the Dungeon)
 H - a +0 scale mail
   (You took it off an orc on level 6 of the Dungeon)
 I - a +1 kite shield (worn)
   (You found it on level 4 of the Dungeon)
 K - a +0 leather armour
   (You found it on level 4 of the Dungeon)
 L - a +0 robe
   (You took it off an orc wizard on level 4 of the Dungeon)
 M - a +0 leather armour
   (You took it off an orc priest on level 4 of the Dungeon)
 N - a +0 robe
   (You took it off an orc wizard on level 4 of the Dungeon)
 O - a +0 scale mail
   (You took it off an orc on level 4 of the Dungeon)
 Q - a +0 leather armour
   (You found it on level 3 of the Dungeon)
 R - a +0 ring mail
   (You found it on level 3 of the Dungeon)
 S - a +0 robe
   (You took it off an orc wizard on level 3 of the Dungeon)
 V - a +0 chain mail
   (You took it off an orc on level 7 of the Dungeon)
 W - a +0 robe
   (You took it off an orc wizard on level 7 of the Dungeon)
 X - a +0 robe
   (You took it off an orc wizard on level 7 of the Dungeon)
 Y - a +0 robe
   (You took it off an orc wizard on level 7 of the Dungeon)
Magical Staves
 v - a staff of conjuration {!a@e2staff}
   (You found it on level 3 of the Dungeon)
Jewellery
 x - a +6 ring of dexterity (right hand)
   (You found it on level 8 of the Dungeon)
 B - an amulet of guardian spirit (around neck)
   (You found it on level 6 of the Dungeon)
 Z - a +6 ring of intelligence (left hand)
   (You found it on level 7 of the Dungeon)
Wands
 C - a wand of mindburst (3)
   (You found it on level 5 of the Dungeon)
 E - a wand of flame (15)
   (You took it off Grinder on level 5 of the Dungeon)
Scrolls
 e - 2 scrolls of enchant armour
 f - a scroll of fog {unknown}
 i - a scroll of acquirement {unknown}
 p - a scroll of magic mapping {unknown}
 J - a scroll of poison {!r}
 P - a scroll of vulnerability {unknown}
 T - 2 scrolls of immolation {unknown}
Potions
 a - a potion of brilliance
 l - a potion of invisibility {unknown}
 n - 4 potions of curing {@q1}
 q - 2 potions of heal wounds {unknown}
 r - a potion of berserk rage {unknown}
 w - a potion of might {unknown}
 z - a potion of lignification {!q}
 D - a potion of degeneration {unknown}

Dungeon Overview and Level Annotations

Branches:
Dungeon (9/15) Zot: 26827  Temple (1/1) D:5 Zot: 5924
   Lair: D:8-11         Orc: D:9-12

Altars:
Cheibriados
Fedhas
Gozag
Hepliaklqana
Kikubaaqudgha
Makhleb
Nemelex Xobeh
Qazlal
Trog
Wu Jian
Xom
Yredelemnul
Zin
The Shining One

Annotations:
D:8 1 runed translucent door, heinrich's ghost, novice VSBr

###.##...#...## #
...?...?...#.# ##.
##.....####.# ...
####.)# #.##.#
###>[####....#
#...††)....###
#>#..#§§#....#
#.#.#.#D#V§...#
#........@§§§§...#
##.#.#.#.#.....#...
.....<...........#.
##.#.#.#.#.##.#...
..........# #.##..
.#.# #.### .# $.
... .. # .# #.


You could see a vampire (invisible) and a steam dragon (catching breath).


Message History

You destroy the wight!
The Shining One accepts your kill. You block the wight's attack.
You block the wight's attack. The wight hits you with a +2 trident!
You partially resist.
You feel drained.
Things that are here:
a +2 long sword of freezing {long}; a +0 robe 😮 HP[-5] MP[-1]
You now have 78 max hp (-1).
You take 5 damage, and now have 55/78 hp.
You lost 1 mp, and now have 10/11 mp.
You barely miss the wight. The wight hits you but does no damage.
The wight hits you with a +2 trident. 😮 HP[-2]
You take 2 damage, and now have 53/78 hp.
You hit the wight but do no damage. The wight closely misses you.
The wight hits you with a +2 trident. 😮 HP[-5] MP[-1]
You take 5 damage, and now have 48/78 hp.
You lost 1 mp, and now have 9/11 mp.
You hit the wight but do no damage. You block the wight's attack.
The wight barely misses you. 😮 HP[+1] Unknown command.
You barely miss the wight.
A vampire comes into view.
The wight barely misses you. You block the wight's attack.
Unknown command.
You sock the wight!
The wight shudders.
You destroy the wight!
The Shining One accepts your kill. The wight barely misses you.
Your life force feels restored.
You now have 79 max hp (+1).
Unknown command.
The wight hits you with a +0 spear! You partially resist.
You feel drained. 😮 HP[-5] MP[-1]
You now have 78 max hp (-1).
You take 5 damage, and now have 44/78 hp.
You lost 1 mp, and now have 8/11 mp.
You thump the wight!
The wight shudders.
You destroy the wight!
The Shining One accepts your kill.
You feel better.
You hear an angry hiss.
Your life force feels restored. 😮 HP[+6]
You now have 79 max hp (+1).
You regained 6 hp, and now have 50/79 hp.
Unknown command.
Things that are here:
a +0 spear {polearm}; a +0 robe; 6 gold pieces 😮 MP[+1]
The vampire barely misses you.
You block the vampire's attack. 😮 HP[+1]
You hit the vampire but do no damage. The vampire hits you!
You block the vampire's attack. 😮 HP[-8] MP[-2]
You take 8 damage, and now have 43/79 hp.
You lost 2 mp, and now have 7/11 mp.
You hit the vampire.
The vampire shudders.
The vampire hits you!
* * * LOW HITPOINT WARNING * * *
You block the vampire's attack. 😨 HP[-11] MP[-1]
You take 11 damage, and now have 32/79 hp.
You lost 1 mp, and now have 6/11 mp.
The vampire attacks as you move away! You block the vampire's attack. x2
A steam dragon comes into view.
Things that are here:
a +0 spear {polearm}; a +0 robe; 6 gold pieces 😨 HP[+1]
You hit the vampire.
The vampire shudders.
The vampire draws life force from you.
* * * LOW HITPOINT WARNING * * *
The vampire is healed by the life force!
The steam dragon breathes steam at you. The ball of steam hits you!
* * * LOW HITPOINT WARNING * * *
You block the vampire's attack. The vampire bites you!
* * * LOW HITPOINT WARNING * * *
The vampire draws strength from your injuries! 😱 HP[-23] MP[-4]
You take 23 damage, and now have 10/79 hp.
MASSIVE DAMAGE!! (PAUSE)
You lost 4 mp, and now have 2/11 mp.
You are engulfed in a cloud of scalding steam.
* * * LOW HITPOINT WARNING * * *
The vampire mumbles some strange words.
The vampire flickers and vanishes for a moment. 😱 HP[-4] MP[-1]
You take 4 damage, and now have 6/79 hp.
You lost 1 mp, and now have 1/11 mp.
Unknown command.
You hit the steam dragon.
The steam dragon shudders.
You are engulfed in a cloud of scalding steam.
* * * LOW HITPOINT WARNING * * *
The steam dragon bites you!
You die...

Skill      XL: |  1  2  3  4  5  6  7  8  9 10 |
---------------+-------------------------------+-----
Fighting       | 2 3 4 6 7 |  7.0
Polearms       | 3 4 |  4.4
Shields        | 2 8 12 13 | 13.6
Maces & Flails | 3 6 |  6.3
Ranged Weapons | |  3.0
Armour         | |  3.2
Dodging        | |  1.0
Spellcasting   | |  1.1
Summonings     | |  1.0

Action                     |  1- 3 |  4- 6 |  7- 9 | 10-12 || total
---------------------------+-------+-------+-------+-------++-------
  Melee: Dagger            |    67 |       |       |       ||    67
         Unarmed           |     1 |       |       |       ||     1
         Short sword       |    79 |    51 |       |       ||   130
         Spear             |       |    36 |   161 |       ||   197
         Shillelagh        |       |       |    42 |    56 ||    98
Ability: Dig               |     1 |     1 |     2 |       ||     4
  Evoke: Wand              |       |     5 |       |       ||     5
    Use: Scroll            |       |       |    11 |       ||    11
 Armour: Scale mail        |    96 |    37 |    67 |     9 ||   209
  Dodge: Dodged            |    91 |    31 |    47 |    12 ||   181
  Block: Kite shield       |       |       |    85 |    45 ||   130

Levels and vault maps discovered:
D:1:      heliophobic_arrival_dark_side_of_the_moon, layout_rooms
D:2:      layout_basic
D:3:      layout_loops_ring, shapermc_ecumenical_altar_hornbeckon,
          kennysheep_generic_room_16
D:4:      layout_gridville, nicolae_yredelemnul_corpse_copse, kennysheep_mini,
          uniq_menkaure
D:5:      layout_basic, nicolae_gozag_cash_rules_everything_around_me,
          minmay_temple_entry_sparse_star, uniq_grinder
D:6:      layout_layer_cave, dilly_guarded_unrand_devastator
D:7:      layout_rooms
D:8:      layout_basic, mainiacjoe_overflow_alcove_4, serial_aquarium,
          aquarium_bridge_straight [aquarium_subvault_bridge,
          aquarium_subvault_wall, aquarium_subvault_bridge,
          aquarium_subvault_window], aquarium_bridge_straight
          [aquarium_subvault_bridge, aquarium_subvault_wall,
          aquarium_subvault_bridge, aquarium_subvault_wall],
          aquarium_window_corner, aquarium_window_1, aquarium_view_2c,
          aquarium_balcony_double_1, ebering_ghost_xom, st_stairs_11,
          lemuel_flame_loot_1
D:9:      layout_loops_ring, nicolae_vehumet_altar_sigil, led_sif_book,
          old_standard_altar, lair_entry_dummy, gammafunk_ghost_smash,
          dreamdust_mushroom_princess, st_stairs_9
Temple:   eino_temple_lava

Notes
Turn   | Place    | Note
-------+----------+-------------------------------------------
     0 | D:1      | MackTheKnife the Formicid Wanderer began the quest for the
                  | Orb.
     0 | D:1      | MackTheKnife set off with the following items: a +0
                  | shortbow {bow}, a +0 scale mail, a scroll of fear; and the
                  | following spell memorised: Summon Small Mammal; and the
                  | following spells available to memorise: Summon Guardian
                  | Golem.
     0 | D:1      | Reached XP level 1. HP: 15/15 MP: 2/2
     0 | D:1      | magus.rc [v1.9.6]
    77 | D:1      | HP: 3/13 [dart slug/slug dart (3)]
    81 | D:1      | Reached skill level 2 in Fighting
    81 | D:1      | Reached XP level 2. HP: 4/20 MP: 3/3
    90 | D:1      | HP: 5/20 [giant cockroach (1)]
   127 | D:1      | HP: 2/22 [frozen (5)]
   453 | D:1      | Reached skill level 3 in Fighting
   453 | D:1      | Reached XP level 3. HP: 23/29 MP: 4/4
   966 | D:2      | HP: 7/29 [frozen (4)]
  1092 | D:2      | Reached skill level 4 in Fighting
  1092 | D:2      | Reached XP level 4. HP: 30/37 MP: 5/5
  1779 | D:2      | Identified the +9 spear of Experimentation {heavy, rF+
                  | rCorr Str+3 Dex-4}
  2057 | D:3      | Reached XP level 5. HP: 33/43 MP: 6/6
  2183 | D:3      | You fall into a shaft and drop 3 floors!
  2407 | D:6      | Noticed a kobold brigand
  2435 | D:6      | Killed a kobold brigand
  2436 | D:6      | Reached skill level 5 in Fighting
  2436 | D:6      | Reached skill level 1 in Polearms
  2595 | D:5      | Entered Level 5 of the Dungeon
  2616 | D:5      | Found a staircase to the Ecumenical Temple.
  2625 | Temple   | Entered the Ecumenical Temple
  2691 | Temple   | Became a worshipper of the Shining One
  2729 | D:5      | Noticed Grinder
  2734 | D:5      | Killed Grinder
  2735 | D:5      | Reached skill level 6 in Fighting
  2735 | D:5      | Reached skill level 3 in Polearms
  2735 | D:5      | Reached XP level 6. HP: 39/52 MP: 5/7
  2735 | D:5      | Reached XP level 7. HP: 43/58 MP: 5/8
  2961 | D:5      | Found an opulent altar of Gozag.
  3037 | D:5      | Reached skill level 4 in Polearms
  3123 | D:4      | Reached skill level 7 in Fighting
  3316 | D:4      | Found a blossoming altar of Fedhas.
  3333 | D:4      | Reached skill level 1 in Shields
  3340 | D:4      | Reached skill level 2 in Shields
  3361 | D:4      | Reached XP level 8. HP: 65/67 MP: 9/9
  3370 | D:4      | Noticed Menkaure
  3389 | D:4      | Reached skill level 3 in Shields
  3393 | D:4      | Killed Menkaure
  3394 | D:4      | Reached skill level 4 in Shields
  3461 | D:4      | Reached skill level 5 in Shields
  3640 | D:4      | Reached skill level 6 in Shields
  4161 | D:3      | Found a faded altar of an unknown god.
  4414 | D:4      | Found a basalt altar of Yredelemnul.
  4414 | D:4      | Reached * piety under the Shining One
  4423 | D:4      | Reached skill level 7 in Shields
  4577 | D:4      | HP: 10/67 [orc warrior/bolt (17)]
  4793 | D:5      | magus.rc [v1.9.6]
  5291 | D:6      | Reached skill level 8 in Shields
  5390 | D:6      | Reached XP level 9. HP: 62/72 MP: 10/10
  5444 | D:6      | Reached skill level 9 in Shields
  5717 | D:6      | Reached skill level 10 in Shields
  5740 | D:6      | Found the +6 shillelagh "Devastator" {shatter}
  6392 | D:7      | Reached skill level 11 in Shields
  6395 | D:7      | Reached skill level 1 in Maces & Flails
  6610 | D:7      | You pick up a book of Blasting and begin reading...
  6610 | D:7      | You add the spells Kindle Blastsparks, Fulminant Prism,
                  | Iskenderun's Mystic Blast and Lee's Rapid Deconstruction to
                  | your library.
  6666 | D:7      | magus.rc [v1.9.6]
  6667 | D:7      | Reached skill level 2 in Maces & Flails
  6677 | D:7      | magus.rc [v1.9.6]
  6818 | D:8      | You pick up a book of the Moon and begin reading...
  6818 | D:8      | You add the spells Passage of Golubria, Silence and
                  | Lehudib's Crystal Spear to your library.
  6887 | D:8      | Reached skill level 3 in Maces & Flails
  6895 | D:8      | Reached ** piety under the Shining One
  6897 | D:8      | Reached skill level 12 in Shields
  6899 | D:8      | Reached XP level 10. HP: 44/79 MP: 11/11
  7127 | D:8      | Reached skill level 4 in Maces & Flails
  7284 | D:8      | You pick up a book of Blasting and begin reading...
  7352 | D:8      | You pick up a book of Debilitation and begin reading...
  7352 | D:8      | You add the spells Slow, Vampiric Draining and Confusing
                  | Touch to your library.
  7520 | D:8      | Found a runed translucent door.
  7520 | D:8      | Found a shimmering altar of Xom.
  7520 | D:8      | Noticed heinrich's ghost (novice VSBr)
  7520 | D:8      | Noticed a +1 rapier of chaos
  7682 | D:8      | Reached skill level 5 in Maces & Flails
  7862 | D:8      | Found a bloodstained altar of Trog.
  8314 | D:9      | Reached skill level 13 in Shields
  8434 | D:9      | Reached skill level 6 in Maces & Flails
  8455 | D:9      | HP: 10/79 [vampire (10)]
  8457 | D:9      | HP: 4/79 [steam dragon] (2)]
  8457 | D:9      | Slain by a steam dragon

Vanquished Creatures
  Grinder (D:5)
  A shadow (D:9)
  3 wyverns
  2 steam dragons
  Menkaure (D:4)
  An acid dragon (D:9)
  An orc warrior (D:9)
  2 ice beasts
  2 sky beasts
  A black bear (D:6)
  4 ogres
  4 centaurs
  2 kobold brigands
  2 bullfrogs
  2 scorpions
  11 wights
  5 howler monkeys
  A bullfrog zombie (D:4)
  2 hounds
  A jelly (D:8)
  5 orc priests
  3 iguanas
  7 orc wizards
  A howler monkey zombie (D:4)
  3 gnolls (D:2)
  8 adders
  A white imp (D:6)
  2 adder zombies (D:4)
  A worm (D:4)
  2 dart slugs
  18 orcs
  7 ball pythons
  12 endoplasms
  5 giant cockroaches
  5 goblins
  5 hobgoblins
  2 jackals (D:3)
  5 quokkas
  6 bats
  4 frilled lizards
  15 kobolds
  6 rats
172 creatures vanquished.

Table legend:
 A = Non-vault XP
 B = Vault XP
 C = Vault XP percentage of total XP
 D = Non-vault monster count
 E = Vault monster count
 F = Vault count percentage of total count
                 A         B        C        D         E       F
            +---------+---------+-------+---------+---------+-------
      Total |    5171 |    1051 |  16.9 |     157 |      15 |   8.7
            +---------+---------+-------+---------+---------+-------
        D:1 |      41 |       0 |   0.0 |      22 |       0 |   0.0
        D:2 |      87 |       0 |   0.0 |      23 |       0 |   0.0
        D:3 |      83 |       6 |   6.7 |      19 |       4 |  17.4
        D:4 |     578 |     248 |  30.0 |      25 |       5 |  16.7
        D:5 |     261 |     262 |  50.1 |       5 |       1 |  16.7
        D:6 |     992 |     116 |  10.5 |      25 |       1 |   3.8
        D:7 |     663 |       0 |   0.0 |      11 |       0 |   0.0
        D:8 |    1331 |     150 |  10.1 |      12 |       2 |  14.3
        D:9 |    1135 |     269 |  19.2 |      15 |       2 |  11.8
            +---------+---------+-------+---------+---------+-------

Illustrated notes

Table legend:
 A = Kills in this place as a percentage of kills in entire the game.
 B = Kills by you in this place as a percentage of kills by you in the entire game.
 C = Kills by friends in this place as a percentage of kills by friends in the entire game.
 D = Other kills in this place as a percentage of other kills in the entire game.
 E = Experience gained in this place as a percentage of experience gained in the entire game.
 F = Experience gained in this place divided by the number of levels of this place that you have seen.
                   A       B       C       D       E      F
               +-------+-------+-------+-------+-------+----------------------
         Total | 100.0 | 100.0 |   N/A |   N/A | 100.0 | 622.2
       Dungeon | 100.0 | 100.0 |   N/A |   N/A | 100.0 | 691.3
               +-------+-------+-------+-------+-------+----------------------

Table legend: (Time is in decaauts)
 A = Elapsed time spent in this place.
 B = Non-inter-level travel time spent in this place.
 C = Inter-level travel time spent in this place.
 D = Time resting spent in this place.
 E = Time spent auto-exploring this place.
 F = Levels seen in this place.
 G = Mean time per level.
                   A        B        C        D        E       F      G
               +--------+--------+--------+--------+--------+-----+--------+
         Total |   8564 |   8327 |    237 |   1363 |   5569 |  10 |  856.4 |
       Dungeon |   8488 |   8260 |    228 |   1363 |   5569 |   9 |  943.1 |
        Temple |     75 |     66 |      9 |      0 |      0 |   1 |   75.0 |
               +--------+--------+--------+--------+--------+-----+--------+

Top non-repeatable levels by time:
     D:6: 1649 daAuts
     D:8: 1495 daAuts
     D:2: 1293 daAuts
     D:5: 995 daAuts
     D:3: 874 daAuts
     D:4: 783 daAuts
     D:1: 756 daAuts
     D:7: 468 daAuts
     D:9: 171 daAuts
  Temple: 75 daAuts
